 Dungeon Crawl Stone Soup version 0.24-a0-408-gcc1054c7ca (webtiles) character file.

Game seed: 4100645410415991129

3024 MisterFreud the Conjurer (level 9, -5/51 HPs)
             Began as an Octopode Fire Elementalist on June 5, 2019.
             Was an Elder of Cheibriados.
             Hit by a boomerang thrown by an orc warrior (14 damage)
             ... on level 7 of the Dungeon.
             The game lasted 00:19:47 (8764 turns).

MisterFreud the Conjurer (OpFE)                     Turns: 8764, Time: 00:19:48

Health: -5/51      AC:  1    Str: 16    XL:     9   Next: 85%
Magic:  8/18       EV: 14    Int: 30    God:    Cheibriados [****..]
Gold:   350        SH:  0    Dex: 21    Spells: 4/20 levels left

rFire    . . .     SeeInvis .   e - +4 short sword
rCold    . . .     Gourm    .   (no shield)
rNeg     . . .     Faith    .   (helmet restricted)
rPois    .         Spirit   .   (no amulet)
rElec    .         Reflect  .   (no ring)
rCorr    .         Harm     .   (no ring)
MR       .....                  (no ring)
Stlth    ++++......             (no ring)
HPRegen  0.17/turn              (no ring)
MPRegen  0.16/turn              (no ring)
                                (no ring)
                                (no ring)

@: about to teleport, very slow
A: almost no armour, stealthy swim, amphibious, 8 rings, constrict 8, camouflage
1, gelatinous body 1
a: Bend Time, Temporal Distortion, Slouch, Renounce Religion


You were on level 7 of the Dungeon.
You worshipped Cheibriados.
Cheibriados was greatly pleased with you.
You were very hungry.

You visited 1 branch of the dungeon, and saw 10 of its levels.

You collected 350 gold pieces.

Inventory:

Hand Weapons
 c - a +0 dagger
 e - a +4 short sword (weapon)
 w - a +2 whip of electrocution
 A - a +0 trident
Missiles
 a - 87 sling bullets
 g - a throwing net
 i - 207 stones (quivered)
 j - 131 arrows
 k - 12 boomerangs
 n - 48 bolts
 o - 22 poisoned darts
 q - 12 javelins
Armour
 d - a +0 shield
Wands
 p - a wand of clouds (5)
 u - a wand of polymorph (14)
 y - a wand of flame (43)
Scrolls
 h - 4 scrolls of remove curse
 l - a scroll of enchant armour
 r - 2 scrolls of identify
 x - a scroll of blinking
Potions
 f - 6 potions of curing
 m - 2 potions of lignification
 s - a potion of brilliance
 v - 2 potions of might
 z - a potion of cancellation
Comestibles
 b - 17 rations


   Skills:
 - Level 2.0 Dodging
 - Level 2.6 Stealth
 - Level 6.0 Spellcasting
 + Level 7.7 Conjurations
 + Level 2.0 Charms
 + Level 7.7 Fire Magic
 + Level 2.0 Ice Magic
 * Level 4.5 Invocations


You had 4 spell levels left.
You knew the following spells:

 Your Spells              Type           Power        Failure   Level  Hunger
a - Flame Tongue          Conj/Fire      #####        1%          1    None
b - Conjure Flame         Conj/Fire      ######..     1%          3    None
c - Sticky Flame          Conj/Fire      ######..     2%          4    ###....
d - Fireball              Conj/Fire      ######....   6%          5    #####..
e - Ozocubu's Armour      Chrm/Ice       ###.....     7%          3    None

Your spell library contained the following spells:

 Spells                   Type           Power        Failure   Level  Hunger
 Throw Flame              Conj/Fire      ######       1%          2    None
 Throw Frost              Conj/Ice       #####.       1%          2    None
 Freeze                   Ice            ###.         2%          1    None
 Dazzling Spray           Conj/Hex       ####..       3%          3    None
 Inner Flame              Hex/Fire       ####....     3%          3    None
 Beastly Appendage        Tmut           #.....       5%          1    None
 Corona                   Hex            #......      5%          1    None
 Ensorcelled Hibernation  Hex/Ice        ###...       5%          2    None
 Throw Icicle             Conj/Ice       #####...     7%          4    ###....
 Sticks to Snakes         Tmut           #.......     8%          2    None
 Confuse                  Hex            #.......     16%         3    None
 Spider Form              Tmut/Pois      #.........   16%         3    None
 Tukima's Dance           Hex            #.......     16%         3    None
 Ice Form                 Ice/Tmut       ###.....     34%         4    ###....
 Summon Ice Beast         Ice/Summ       ###.....     34%         4    ###....
 Blade Hands              Tmut           #.........   82%         5    #####..


Dungeon Overview and Level Annotations

Branches:
Dungeon (10/15)            Temple (0/1) D:7
   Lair: D:8-11         Orc: D:9-12

Altars:
Cheibriados
Fedhas
Hepliaklqana
Kikubaaqudgha
Makhleb
Nemelex Xobeh
Qazlal
Ru
Sif Muna
Trog
Uskayaw
Vehumet

Shops:
D:7 }

Annotations:
D:8 Joseph, Pikel


Innate Abilities, Weirdness & Mutations

You cannot wear most types of armour.
You are very stealthy in the water. (Stealth+)
You are amphibious.
You can wear up to eight rings at the same time.
You can use your tentacles to constrict eight enemies at once.
Your skin changes colour to match your surroundings (Stealth+).
Your rubbery body absorbs attacks. (AC +1, EV +1)


Message History

The orc warrior throws a boomerang.
The boomerang hits you!
Casting: Fireball (safe; 6% risk of failure)
Confirm with . or Enter, or press ? or * to list all spells.
Aiming: Fireball (safe; 6% risk of failure)
Press: ? - help, Shift-Dir - straight line, f/p - orc warrior
Aim: an orc warrior, wielding a -3 halberd and wearing a +0 plate armour (lightly wounded)
The fireball explodes!
The fireball engulfs the orc warrior!
The orc warrior is moderately wounded.
The fireball engulfs the orc priest!!
You kill the orc priest!
Cheibriados appreciates the change of pace.
Your Ice Magic skill increases to level 2!
Unknown command.
The orc warrior throws a boomerang.
The boomerang hits you!
* * * LOW HITPOINT WARNING * * *
The weapon returns to the orc warrior!
As you read the scroll of teleportation, it crumbles to dust.
You feel strangely unstable.
The orc warrior throws a boomerang.
The boomerang hits you!
You die...

#...# #####
####.#.####...# ###
#..._)..>...#.#
#####.##
#.##.######...###
......[#
#.##o...........#
#####.##
#.##.#######.##.#####
#.# ##.##.#
##.........
#.######...#.#
#......)..#
#........#.#@#
#.###.###.# #
#.######...#.# #.#
#.# #.# # #.# ##.##.#
#.###.# #.# #####.#
#.##.# #.#...# #.#
......# #.##.#
#.#.### #.# ####..#
#....# #.#.# #.# #
#..# ######
#.#.#####.# # #).#
#.........#
####..####
###.#######


You could see an orc warrior.

Vanquished Creatures
  A hornet (D:6)
  Grinder (D:4)
  A troll (D:9)
  A hippogriff (D:7)
  A slave (D:9)
  2 black bears (D:6)
  2 ice beasts
  3 sky beasts
  An orc warrior (D:10)
  5 ogres
  A centaur (D:7)
  A bullfrog (D:7)
  A wyvern zombie (D:9)
  A vampire bat (D:2)
  3 crimson imps
  A hound (D:5)
  4 orc priests
  5 orc wizards
  Ijyb (D:5)
  An iguana (D:5)
  6 worker ants
  A hound zombie (D:6)
  A howler monkey skeleton (D:5)
  10 adders
  An ooze (D:3)
  2 adder zombies
  6 worms
  A dart slug (D:2)
  2 leopard geckos
  29 orcs
  9 bats
  3 bat skeletons (D:2)
  2 bat zombies (D:2)
  3 giant cockroaches
  8 goblins
  4 hobgoblins
  7 jackals
  12 kobolds
  4 quokkas
  3 ball pythons
  4 frilled lizards
  A quokka skeleton (D:4)
  6 rats
162 creatures vanquished.

Vanquished Creatures (others)
  A plant (D:5)
1 creature vanquished.

Grand Total: 163 creatures vanquished

Notes
Turn   | Place    | Note
-------+----------+-------------------------------------------
     0 | D:1      | MisterFreud the Octopode Fire Elementalist began the quest
                  | for the Orb.
     0 | D:1      | Reached XP level 1. HP: 11/11 MP: 3/3
   218 | D:1      | Reached XP level 2. HP: 8/17 MP: 3/5
   945 | D:1      | Reached XP level 3. HP: 21/21 MP: 6/6
  1057 | D:1      | Learned a level 3 spell: Conjure Flame
  1272 | D:2      | Found a burning altar of Makhleb.
  1972 | D:2      | Found a snail-covered altar of Cheibriados.
  2032 | D:2      | Became a worshipper of Cheibriados the Contemplative
  2049 | D:2      | Reached XP level 4. HP: 27/27 MP: 4/7
  2602 | D:2      | Reached * piety under Cheibriados
  2607 | D:2      | Found an ancient bone altar of Kikubaaqudgha.
  2622 | D:2      | Reached XP level 5. HP: 23/31 MP: 5/9
  2916 | D:3      | Found a hazy altar of Hepliaklqana.
  3279 | D:3      | Found a radiant altar of Vehumet.
  3459 | D:3      | Found a sparkling altar of Nemelex Xobeh.
  3461 | D:3      | Reached XP level 6. HP: 34/36 MP: 10/10
  3540 | D:4      | Reached ** piety under Cheibriados
  3710 | D:4      | Learned a level 4 spell: Sticky Flame
  3720 | D:4      | Found a hide-covered altar of Uskayaw.
  4139 | D:5      | Entered Level 5 of the Dungeon
  4158 | D:5      | Reached skill level 5 in Conjurations
  4158 | D:5      | Reached skill level 5 in Fire Magic
  4158 | D:5      | Reached XP level 7. HP: 12/41 MP: 7/11
  4176 | D:5      | HP: 2/41 [iguana (13)]
  4360 | D:5      | Learned a level 5 spell: Fireball
  4364 | D:5      | Noticed Ijyb
  4372 | D:5      | Killed Ijyb
  4507 | D:5      | Found a stormy altar of Qazlal.
  4589 | D:5      | Reached XP level 8. HP: 36/46 MP: 7/13
  4838 | D:4      | Noticed Grinder
  4844 | D:4      | Killed Grinder
  5470 | D:5      | Found a sacrificial altar of Ru.
  5639 | D:6      | Found a radiant altar of Vehumet.
  5724 | D:6      | Found a bloodstained altar of Trog.
  5737 | D:6      | Reached skill level 5 in Spellcasting
  5858 | D:6      | Reached *** piety under Cheibriados
  5933 | D:6      | Found a deep blue altar of Sif Muna.
  6347 | D:6      | Reached skill level 1 in Invocations
  6347 | D:6      | Reached XP level 9. HP: 30/51 MP: 8/17
  6534 | D:7      | Noticed a hornet
  6540 | D:6      | Killed a hornet
  6807 | D:7      | Learned a level 3 spell: Ozocubu's Armour
  6863 | D:7      | You fall into a shaft and drop 3 floors!
  6863 | D:10     | Entered Level 10 of the Dungeon
  7298 | D:9      | Noticed a troll
  7302 | D:9      | Killed a troll
  7302 | D:9      | Reached skill level 1 in Charms
  7302 | D:9      | Reached skill level 1 in Ice Magic
  7724 | D:8      | Noticed Pikel
  7724 | D:8      | Noticed Joseph
  7980 | D:7      | Reached **** piety under Cheibriados
  8553 | D:7      | Found Fystrakoy's Gadget Shop.
  8564 | D:7      | Found a staircase to the Ecumenical Temple.
  8739 | D:7      | Found a blossoming altar of Fedhas.
  8764 | D:7      | Hit by a boomerang thrown by an orc warrior

Levels and vault maps discovered:
D:1:      matt_arrival_diagonals, layout_rooms, minmay_strange_pillars,
          grunt_decor_cap
D:2:      kennysheep_six_static_rooms, layout_loops_ring, lemuel_crystal_altar,
          kennysheep_slug_shrine, kennysheep_vampire_church, roderic_lattice_a,
          grunt_ministairs_10
D:3:      layout_loops_cross, nicolae_overflow_hidden_temple,
          lemuel_round_altar, vehumet_crystals
D:4:      layout_basic, eat_drink_and_be_merry_uskayaw, uniq_grinder
D:5:      layout_gridville, kennysheep_mini_moat, old_standard_altar,
          first_ration, serial_bayou_lake_a, uniq_ijyb
D:6:      layout_loops_corners, trog_ov_bears_minmay, marbit_many_paths,
          vehumet_altar_wand_db
D:7:      layout_loops_ring, lemuel_crystal_altar,
          minmay_temple_entry_antechambers, serial_shops, shop
D:8:      layout_rooms, kennysheep_mini, uniq_pikel, uniq_joseph
D:9:      layout_grid_maze, orc_0_dummy, serial_shops, shop_coins,
          nicolae_shop_window_shopping, shop, trog_three_pillars_becter,
          uniq_psyche
D:10:     layout_gridville, grunt_tengu_nest

Skill      XL: |  1  2  3  4  5  6  7  8  9 |
---------------+----------------------------+-----
Conjurations   | 2 3 4 5 7 |  7.7
Spellcasting   | 3 5 6 |  6.0
Fire Magic     | 4 5 7 |  7.7
Invocations    | 1 4 |  4.5
Charms         | 2 |  2.0
Ice Magic      | 2 |  2.0
Dodging        | |  2.0
Stealth        | |  2.6

Action                   |  1- 3 |  4- 6 |  7- 9 || total
-------------------------+-------+-------+-------++-------
Melee: Dagger            |    74 |     3 |       ||    77
       Constrict         |    29 |    24 |    37 ||    90
       Unarmed           |     6 |       |       ||     6
       Tentacles         |    11 |    10 |    39 ||    60
       Short sword       |       |    81 |   152 ||   233
 Cast: Flame Tongue      |    22 |    17 |    30 ||    69
       Sticky Flame      |       |       |    22 ||    22
       Fireball          |       |       |     2 ||     2
       Ozocubu's Armour  |       |       |     1 ||     1
Invok: Temporal Distorti |       |       |     3 ||     3
  Use: Scroll            |     4 |     7 |     7 ||    18
       Potion            |       |       |     6 ||     6
 Stab: Sleeping          |     4 |    13 |    13 ||    30
  Eat: Chunk             |     4 |     4 |     9 ||    17
Armor: Skin              |    11 |     9 |    31 ||    51
Dodge: Dodged            |    69 |    65 |   102 ||   236

Table legend:
 A = Non-vault XP
 B = Vault XP
 C = Vault XP percentage of total XP
 D = Non-vault monster count
 E = Vault monster count
 F = Vault count percentage of total count
                 A         B        C        D         E       F
            +---------+---------+-------+---------+---------+-------
      Total |    3645 |     676 |  15.6 |     141 |      20 |  12.4
            +---------+---------+-------+---------+---------+-------
        D:1 |      36 |       0 |   0.0 |      21 |       0 |   0.0
        D:2 |      73 |      94 |  56.3 |      24 |      15 |  38.5
        D:3 |     128 |       0 |   0.0 |      18 |       0 |   0.0
        D:4 |     251 |     281 |  52.8 |      12 |       1 |   7.7
        D:5 |     846 |      38 |   4.3 |      15 |       1 |   6.2
        D:6 |     726 |     263 |  26.6 |      22 |       3 |  12.0
        D:7 |     905 |       0 |   0.0 |      19 |       0 |   0.0
        D:8 |      32 |       0 |   0.0 |       1 |       0 |   0.0
        D:9 |     359 |       0 |   0.0 |       4 |       0 |   0.0
       D:10 |     289 |       0 |   0.0 |       5 |       0 |   0.0
            +---------+---------+-------+---------+---------+-------
